 Dungeon Crawl Stone Soup version 0.20.1-1-g8b1a95d (webtiles) character file.

2632 topson the Carver (level 9, -1/78 HPs)
             Began as a Minotaur Fighter on July 19, 2017.
             Was an Elder of Dithmenos.
             Slain by a two-headed ogre
             ... wielding a +0 giant spiked club
              (6 damage)
             ... on level 8 of the Dungeon.
             The game lasted 00:52:01 (6334 turns).

topson the Carver (Minotaur Fighter)                Turns: 6334, Time: 00:52:18

Health: -1/78      AC: 14    Str: 23      XL:     9   Next: 35%
Magic:  8/8        EV:  6    Int:  3 (5)  God:    Dithmenos [****..]
Gold:   25         SH: 11    Dex:  8 (11) Spells: 8/8 levels left

rFire    . . .     SeeInvis .   a - +0 long sword
rCold    . . .     Gourm    .   c - +0 shield
rNeg     . . .     Faith    .   g - +0 plate armour
rPois    .         Spirit   .   (helmet restricted)
rElec    .         Reflect  .   (no cloak)
rCorr    .         Harm     .   (no gloves)
MR       .....                  b - +0 pair of boots
Stlth    ..........             (no amulet)
Regen    0.3/turn               (no ring)
MPRegen  0.2/turn               (no ring)

@: lethally poisoned (-1 -> -4), about to teleport, wreathed by umbra
A: retaliatory headbutt, horns 2
a: Shadow Step, Renounce Religion


You were on level 8 of the Dungeon.
You worshipped Dithmenos.
Dithmenos was greatly pleased with you.
You were not hungry.

You visited 1 branch of the dungeon, and saw 8 of its levels.

You collected 505 gold pieces.
You spent 480 gold pieces at shops.

Inventory:

Hand Weapons
 a - a +0 long sword (weapon)
 w - a +0 rapier
 E - a +4 quarterstaff of chaos
Armour
 b - a +0 pair of boots (worn)
 c - a +0 shield (worn)
 g - a +0 plate armour (worn)
 F - a +1 cloak of invisibility
Jewellery
 o - an uncursed ring of ice
 y - an uncursed ring of ice
 z - a cursed ring of teleportation
Wands
 D - a wand of iceblast (4/15)
Scrolls
 e - 2 scrolls of teleportation
 h - 3 scrolls of magic mapping
 i - 4 scrolls of identify
 n - 2 scrolls of remove curse
 p - 2 scrolls of fear
 r - 2 scrolls of amnesia
 u - a scroll of enchant weapon {unknown}
 C - a scroll of vulnerability {unknown}
 G - a scroll of enchant armour {unknown}
Potions
 d - a potion of might
 j - a potion of cancellation {unknown}
 l - 2 potions of degeneration
 m - 2 potions of curing
 q - a potion of flight
 s - a potion of resistance {unknown}
 t - a potion of agility {unknown}
 v - 2 potions of brilliance
 A - a potion of heal wounds {unknown}
Miscellaneous
 B - a fan of gales (inert)
Comestibles
 f - 7 bread rations
 k - 3 fruits
 x - 3 royal jellies


   Skills:
 + Level 6.8 Fighting
 + Level 10.0 Long Blades
 + Level 7.9 Armour
 + Level 1.2 Dodging
 + Level 0.3 Stealth
 + Level 8.1 Shields


You had 8 spell levels left.
You didn't know any spells.

Dungeon Overview and Level Annotations

Branches:
Dungeon (8/15)
 Temple: D:4-7         Lair: D:8-11

Altars:
Dithmenos
Okawaru
Qazlal
Ru
Sif Muna

Shops:
D:4 *   D:7 }


Innate Abilities, Weirdness & Mutations

You reflexively headbutt those who attack you in melee.
You have a pair of horns on your head.


Message History

You hear a distant blaring wail to the southeast.
The two-headed ogre hits you with a giant spiked club!
* * * LOW HITPOINT WARNING * * *
You block the two-headed ogre's attack.
The killer bee stings you but does no damage.
As you read the scroll of teleportation, it crumbles to dust.
You feel strangely unstable.
You feel sick.
The killer bee stings you but does no damage. x2
Unknown command.
You feel sick. The killer bee barely misses you.
You riposte.
You miss the killer bee.
The killer bee is almost dead.
The killer bee barely misses you.
You slash the two-headed ogre!
The two-headed ogre is heavily wounded.
You feel sick. You block the killer bee's attack.
The two-headed ogre hits you with a giant spiked club!
* * * LOW HITPOINT WARNING * * *
The two-headed ogre hits you with a giant spiked club.
You die...

######### ######## #.......#
##......#
#...†...#####.......#
#...#...........#..[########
#.######.....######.........
#.. #.....#..#..####....†
#.. #.###y#..#...###...†.
#... +..#@Oy..............
#... ########............)
#.... #_.'..†...........
##.≈..≈...###.....
.....≈..≈..## #.....
#.....≈≈≈≈≈≈# #.....
......O[.≈Z..# #.....
.#####.........######
###.......#


You could see a two-headed ogre and 2 killer bees.

Vanquished Creatures
  A troll (D:4)
  A hippogriff (D:8)
  Eustachio (D:6)
  2 orc warriors (D:6)
  2 sky beasts (D:5)
  5 ogres
  A centaur (D:4)
  A big kobold (D:4)
  The ghost of letownia the Ruffian, an amateur VSFi (D:4)
  2 bullfrogs
  2 scorpions
  A killer bee (D:8)
  2 howler monkeys
  A crimson imp (D:5)
  4 hounds
  Crazy Yiuf (D:7)
  An orc priest (D:3)
  2 jellies (D:6)
  2 iguanas
  5 orc wizards
  2 worker ants
  5 adders
  4 gnolls (D:5)
  A shadow imp (D:8)
  2 oozes
  5 worms
  A dart slug (D:1)
  6 leopard geckos
  24 orcs
  5 giant cockroaches
  7 hobgoblins
  4 jackals (D:1)
  30 kobolds
  2 ball pythons
  9 bats
  4 frilled lizards
  4 goblins
  A quokka zombie (D:6)
  6 rats
  3 plants (D:4)
163 creatures vanquished.

Notes
Turn   | Place    | Note
-------+----------+-------------------------------------------
     0 | D:1      | topson the Minotaur Fighter began the quest for the Orb.
     0 | D:1      | Reached XP level 1. HP: 19/19 MP: 0/0
    74 | D:1      | Reached XP level 2. HP: 24/27 MP: 1/1
   335 | D:1      | Reached XP level 3. HP: 33/33 MP: 2/2
   866 | D:2      | Found a faded altar of an unknown god.
   880 | D:2      | Became a worshipper of Dithmenos the Shadowed
   880 | D:2      | Reached * piety under Dithmenos
   930 | D:2      | Reached skill level 3 in Long Blades
  1151 | D:2      | Reached XP level 4. HP: 40/41 MP: 3/3
  1760 | D:3      | Reached ** piety under Dithmenos
  1760 | D:3      | Reached skill level 4 in Long Blades
  1836 | D:3      | Found a deep blue altar of Sif Muna.
  2294 | D:4      | Reached XP level 5. HP: 43/47 MP: 4/4
  2392 | D:4      | Found Pitydum's General Store.
  2436 | D:4      | Found an iron altar of Okawaru.
  2440 | D:4      | Noticed a troll
  2454 | D:4      | Killed a troll
  2454 | D:4      | Reached skill level 5 in Fighting
  2454 | D:4      | Reached skill level 5 in Long Blades
  2454 | D:4      | Reached skill level 5 in Armour
  2454 | D:4      | Reached skill level 5 in Shields
  2454 | D:4      | Reached XP level 6. HP: 12/56 MP: 5/5
  2740 | D:4      | Noticed letownia's ghost (amateur VSFi)
  2745 | D:4      | Killed letownia's ghost
  2745 | D:4      | Reached XP level 7. HP: 61/61 MP: 6/6
  2825 | D:4      | Reached skill level 6 in Long Blades
  2829 | D:4      | Reached *** piety under Dithmenos
  3285 | D:5      | Entered Level 5 of the Dungeon
  3346 | D:5      | Reached skill level 7 in Long Blades
  3613 | D:5      | Found a stormy altar of Qazlal.
  3617 | D:5      | Reached XP level 8. HP: 59/70 MP: 7/7
  4043 | D:5      | Reached skill level 1 in Dodging
  4151 | D:6      | Found a sand-covered staircase.
  4310 | D:6      | Reached skill level 8 in Long Blades
  4314 | D:6      | Reached **** piety under Dithmenos
  4629 | D:6      | Noticed Eustachio
  4673 | D:6      | Killed Eustachio
  4857 | D:6      | Reached skill level 9 in Long Blades
  4990 | D:6      | Reached XP level 9. HP: 61/78 MP: 8/8
  5290 | D:7      | Found a runed door.
  5533 | D:7      | Found Kiqat's Gadget Shop.
  5540 | D:7      | Bought a fan of gales for 480 gold pieces
  5824 | D:7      | Noticed Crazy Yiuf
  5829 | D:7      | Killed Crazy Yiuf
  6303 | D:8      | Found a sacrificial altar of Ru.
  6303 | D:8      | Noticed a two-headed ogre
  6316 | D:8      | Reached skill level 10 in Long Blades
  6334 | D:8      | Slain by a two-headed ogre

Skill      XL: |  1  2  3  4  5  6  7  8  9 |
---------------+----------------------------+-----
Armour         | 4 5 6 7 |  7.9
Fighting       | 4 5 6 |  6.8
Shields        | 4 5 6 7 8 |  8.1
Long Blades    | 3 4 5 7 9 10 | 10.0
Dodging        | 1 |  1.2
Stealth        | |  0.3

Action                   |  1- 3 |  4- 6 |  7- 9 || total
-------------------------+-------+-------+-------++-------
Melee: Long sword        |   105 |   126 |   345 ||   576
       Headbutt          |    16 |    23 |    84 ||   123
Evoke: Fan of gales      |       |       |     1 ||     1
  Use: Potion            |       |     2 |     4 ||     6
       Scroll            |       |     1 |     9 ||    10
  Eat: Meat ration       |       |     1 |     1 ||     2
       Royal jelly       |       |     1 |       ||     1
       Fruit             |       |       |     4 ||     4
       Bread ration      |       |       |     1 ||     1
Armor: Scale mail        |    19 |       |       ||    19
       Plate armour      |    41 |    56 |   144 ||   241
       Skin              |       |     5 |       ||     5
Dodge: Dodged            |    26 |    19 |    72 ||   117
Block: Shield            |    40 |    60 |   171 ||   271
       Rpst.: Long sword |    10 |     3 |    12 ||    25
